Cogmind - Beta 13 @@@ ROGUE MODE // 2024.04.24 @ 14:12:41 Player: monkeman Result: Destroyed by RH-XR1(R) with Subdweller Shrapnel Launcher Performance ------------- Evolutions (0) 0 Regions Visited (2) 400 Robots Destroyed (33) 165 Value Destroyed (948) 948 Prototype IDs (0) 0 Alien Tech Used (0) 0 Bonus (0) 0 TOTAL SCORE: 1513 Bonus ------- None Cogmind --------- Core Integrity 0/250 Matter 291/300 Energy 141/160 System Corruption 0% Temperature Cool (0) Movement Core (1600) Ox31 Location -10/Subcaves Parts ------- > --- POWER (1) -------- Light Nuclear Core > --- PROPULSION (2) --- Subdweller Monowheel > --- UTILITY (2) ------ Huge Storage Unit Core Shielding > --- WEAPON (2) ------- Subdweller Laser Subdweller Machine Gun > --- INVENTORY (25) --- Compact Wheel Improved Heat Sink Improved Heat Sink Small Battery (100) Small Battery (100) Medium Matter Pod (100) Structural Scanner Sensor Array Improved Terrain Scanner Targeting Computer ECM Suite Hacking Suite Subdweller Laser Beam Cannon Subdweller Beam Cannon Light Cannon Grenade Launcher Grenade Launcher Mining Laser Enhanced Flamer Shrapnel Trap Scrap Shield Fragment (50) Scrap Shield Fragment (48) Scrap Shield Fragment (42) Peak State ------------ > --- POWER ------------ Light Nuclear Core > --- PROPULSION ------- Light Treads Subdweller Monowheel > --- UTILITY ---------- Huge Storage Unit Core Shielding > --- WEAPON ----------- Subdweller Laser Subdweller Machine Gun > --- INVENTORY -------- Compact Wheel Subdweller Monowheel Improved Heat Sink Improved Heat Sink Small Battery Small Battery Medium Matter Pod Structural Scanner Sensor Array Improved Terrain Scanner Targeting Computer ECM Suite Hacking Suite Subdweller Laser Beam Cannon Subdweller Beam Cannon Light Cannon Grenade Launcher Grenade Launcher Mining Laser Enhanced Flamer Shrapnel Trap Scrap Shield Fragment Scrap Shield Fragment Scrap Shield Fragment [Rating: 16] Favorites ----------- Power Ion Engine Engine Ion Engine Power Core Light Nuclear Core Propulsion Light Treads Treads Light Treads Wheel Compact Wheel Utility Core Shielding Device Improved Terrain Scanner Storage Huge Storage Unit Protection Core Shielding Weapon Beam Cannon Energy Gun Subdweller Laser Energy Cannon Beam Cannon Ballistic Gun Subdweller Machine Gun Ballistic Cannon Light Cannon Special Weapon Mining Laser Build | -11 -10 -10 ------- Run | Yrd Mat Sub Slots Evolved . | . . . Power . | . . . Propulsion . | . . . Utility . | . . . Weapon . | . . . Parts Attached 32 | 6 9 17 Power 6 | . 2 4 Engine 5 | . 2 3 Core 1 | . . 1 Reactor . | . . . Propulsion 7 | 2 2 3 Treads 4 | 2 1 1 Leg . | . . . Wheel 3 | . 1 2 Hover . | . . . Flight . | . . . Utility 7 | 2 3 2 Device 2 | 1 . 1 Storage 3 | 1 2 . Processor . | . . . Hackware . | . . . Protection 2 | . 1 1 Artifact . | . . . Weapon 12 | 2 2 8 Energy Gun 2 | 1 . 1 Energy Cannon 2 | . 1 1 Ballistic Gun 5 | 1 . 4 Ballistic Cannon 1 | . 1 . Launcher . | . . . Special Weapon 2 | . . 2 Impact Weapon . | . . . Slashing Weapon . | . . . Piercing Weapon . | . . . Special Melee Weapon . | . . . Unidentified Prototypes . | . . . Parts Lost 10 | . 2 8 Power 2 | . . 2 Propulsion 4 | . 1 3 Utility . | . . . Weapon 4 | . 1 3 Highest Loss Streak 2 | . 2 2 To Critical Strikes . | . . . Average Slot Usage (%) 99 | . 98 99 Engine 10 | . 12 8 Core 3 | . . 5 Treads 26 | . 25 27 Wheel 1 | . 2 . Device 2 | . 3 1 Storage 14 | . 14 14 Protection 11 | . 10 12 Energy Gun 5 | . 1 7 Energy Cannon 7 | . 12 4 Ballistic Gun 9 | . 7 10 Ballistic Cannon 4 | . 6 3 Naked Turns . | . . . Heaviest Build 94 | 9 92 94 Greatest Support 40 | 40 40 40 Greatest Overweight (x) 5 | . 5 4 Average Overweight (x) 1 | . 1 2 Largest Inventory Capacity 25 | 8 25 25 Average Capacity 21 | 7 16 25 Most Carried 25 | 5 23 25 Average Carried 20 | 4 14 23 Final Capacity 25 | 8 25 25 Final Carried 24 | 5 23 24 Class Distribution -------------------- 77% | Mutant 22% | Scavenger-Mutant Dominant Class ---------------- Mutant | -10/Materials Mutant | -10/Subcaves Resources | -11 -10 -10 ----------- Run | Yrd Mat Sub Matter Collected 890 | 262 352 276 Remotely . | . . . Salvage Created 1153 | 13 702 438 Parts 80 | 4 53 23 Haulers Intercepted 2 | . 2 . Recyclers Shooed 3 | . 3 . Parts Field Recycled . | . . . Retrieved Matter . | . . . Parts Self-Destructed 7 | . . 7 Prevented . | . . . Kills | -11 -10 -10 ------- Run | Yrd Mat Sub Combat Hostiles Destroyed 24 | . 12 12 Guns 9 | . 4 5 Cannons 15 | . 8 7 Classes Destroyed 9 | 1 6 2 Tunneler 1 | 1 . . Hauler 2 | . 2 . Recycler 2 | . 2 . Operator 1 | . 1 . Watcher 3 | . 3 . Swarmer 3 | . 3 . Grunt 10 | . 9 1 Sentry 1 | . . 1 Subdweller 10 | . . 10 Best Kill Streak 3 | 1 3 2 Combat Bots Only 3 | . 3 2 Max Kills in Single Turn 1 | 1 1 1 Gunslinging . | . . . Exploded . | . . . Melee . | . . . Uniques/NPCs Destroyed . | . . . Combat | -11 -10 -10 -------- Run | Yrd Mat Sub Hostile Shots Fired 136 | . 68 68 Missed 46 | . 19 27 Damage Taken 1698 | . 567 1131 Core 264 | . 36 228 Absorbed by Shields . | . . . Redirected to Shielding 43 | . 4 39 Core Remaining (%) 100 | 100 . . Volleys Fired 108 | 1 59 48 Largest 2 | 2 2 2 Hottest 105 | 60 95 105 Shots Fired 211 | 2 117 92 Gun 107 | 2 54 51 Cannon 96 | . 63 33 Launcher . | . . . Special 8 | . . 8 Kinetic 103 | 1 58 44 Thermal 108 | 1 59 48 Explosive . | . . . Electromagnetic . | . . . Robot Hit Streak 17 | 1 15 17 Robot Miss Streak 4 | 1 4 3 Penetration Max . | . . . Secondary Targets . | . . . Shots Hit Robots 137 | 1 69 67 Core Hits 48 | 1 26 21 Critical Kills 1 | . . 1 Critical Parts Destroyed . | . . . Critical Strikes 4 | . . 4 Destroy 2 | . . 2 Blast 2 | . . 2 Melee Attacks . | . . . Impact . | . . . Slashing . | . . . Piercing . | . . . Sneak Attacks . | . . . Combat Hostiles . | . . . Follow-up Attacks . | . . . Damage Inflicted 2471 | 24 1186 1261 Guns 1202 | 24 388 790 Cannons 1225 | . 786 439 Explosions . | . . . Melee . | . . . Ramming 12 | . 12 . Kinetic 1092 | 14 441 637 Thermal 1367 | 10 733 624 Explosive . | . . . Electromagnetic . | . . . Impact . | . . . Slashing . | . . . Piercing . | . . . Highest Corruption . | . . . Average Corruption . | . . . Corruption Purged . | . . . Corruption Blocked . | . . . Overload Shots . | . . . Overflow Damage 17 | . 17 . Projectiles 17 | . 17 . Explosions . | . . . Melee . | . . . Knockbacks 3 | . 1 2 Impact . | . . . Kinetic 3 | . 1 2 Secondary . | . . . Self-Inflicted Damage 4 | . 4 . Shots . | . . . Rammed 2 | . 2 . Targets Rammed 2 | . 2 . Kicked . | . . . Crushed . | . . . Highest Temperature 271 | . 271 16 Average Temperature 62 | . 71 4 Received Heat Transfer 438 | . 243 195 Effects 1 | . 1 . Energy Bleed 1 | . 1 . Siege Activations . | . . . Robots Corrupted . | . . . Combat Hostiles . | . . . Parts Fried . | . . . Impact Corruptions . | . . . Robots Melted . | . . . Combat Hostiles . | . . . Parts Melted 5 | . 1 4 Heat Transferred 2835 | 25 1518 1292 Parts Sabotaged . | . . . Parts Stolen . | . . . Parts Stripped . | . . . Power Chain Reactions . | . . . Alert | -11 -10 -10 ------- Run | Yrd Mat Sub Peak Influence 177 | 5 177 . Initial 3 | . 3 . Average 54 | 1 56 . Maximum Alert Level . | . . . Low Security (%) 100 | 100 100 . Level 1 . | . . . Level 2 . | . . . Level 3 . | . . . Level 4 . | . . . Level 5 . | . . . High Security . | . . . Max Security . | . . . Squads Dispatched 4 | . 4 . Investigation 2 | . 2 . Extermination . | . . . Reinforcement 2 | . 2 . Assault . | . . . Garrison . | . . . Intercept . | . . . Searches Triggered . | . . . Construction Impeded . | . . . Haulers Reinforced . | . . . Active Scanning Responses . | . . . Cargo Convoy Interrupts . | . . . Stealth | -11 -10 -10 --------- Run | Yrd Mat Sub Distress Signals 2 | . 2 . Communications Jammed . | . . . Distress Signals . | . . . Times Spotted 41 | . 23 18 Peak Tracking Total 6 | . 6 2 Tactical Retreats 4 | . . 4 Traps | -11 -10 -10 ------- Run | Yrd Mat Sub Traps Triggered 5 | . 3 2 Indirectly . | . . . Trap Hack Attempts . | . . . Triggered . | . . . Disarmed . | . . . Reprogrammed . | . . . Reused . | . . . Traps Extracted . | . . . Installed . | . . . Triggered . | . . . Most Traps Carried 1 | . . 1 Machines | -11 -10 -10 ---------- Run | Yrd Mat Sub Machines Disabled 2 | . 2 . Max in Single Turn 1 | . 1 . Machines Repaired . | . . . Machines Dismantled . | . . . Machines Sabotaged . | . . . Overloaded Fab Kills . | . . . Hacking | -11 -10 -10 --------- Run | Yrd Mat Sub Machines Accessed 3 | . 3 . Terminals 3 | . 3 . Fabricators . | . . . Repair Stations . | . . . Recycling Units . | . . . Scanalyzers . | . . . Garrison Access . | . . . Total Hacks 7 | . 7 . Successful 1 | . 1 . Failed 5 | . 5 . Catastrophic . | . . . Database Lockouts 1 | . 1 . Manual 7 | . 7 . Terminals 7 | . 7 . Fabricators . | . . . Repair Stations . | . . . Recycling Units . | . . . Scanalyzers . | . . . Garrison Access . | . . . Terminal Hacks 1 | . 1 . Robot Analysis 1 | . 1 . Fabricator Hacks . | . . . Repair Station Hacks . | . . . Recycling Unit Hacks . | . . . Scanalyzer . | . . . Garrison Access Hacks . | . . . Unauthorized Hacks . | . . . Terminals . | . . . Fabricators . | . . . Repair Stations . | . . . Recycling Units . | . . . Scanalyzers . | . . . Garrison Access . | . . . Data Cores Recovered . | . . . Used . | . . . Hacking Detections 3 | . 3 . Full Trace Events . | . . . Feedback Events . | . . . Feedback Blocked . | . . . Robot Schematics Acquired . | . . . Robots Built . | . . . Authchips . | . . . Time . | . . . Total Robot Build Rating . | . . . Part Schematics Acquired . | . . . Parts Built . | . . . Authchips . | . . . Time . | . . . Total Part Build Rating . | . . . Parts Repaired . | . . . Time . | . . . Parts Recycled . | . . . Recycled Matter . | . . . Retrieved Matter . | . . . Retrieved Components . | . . . Parts Scanalyzed . | . . . Part Schematics Acquired . | . . . Parts Damaged . | . . . Bothacking | -11 -10 -10 ------------ Run | Yrd Mat Sub Used RIF Installer . | . . . Robots Hacked . | . . . Non-combat . | . . . Combat . | . . . Robot Hacks Applied . | . . . Relay Couplers Released . | . . . Fabnet Peak Effective % . | . . . Robots Rewired . | . . . Allies Hacked . | . . . Hacks Repelled . | . . . Allies | -11 -10 -10 -------- Run | Yrd Mat Sub Total Allies . | . . . Largest Group . | . . . Highest-Rated Group . | . . . Highest-Rated Ally . | . . . Total Orders . | . . . Ally Attacks . | . . . Total Damage . | . . . Kills . | . . . Allies Corrupted . | . . . Allies Melted . | . . . Intel | -11 -10 -10 ------- Run | Yrd Mat Sub Robot Analysis Total 1 | . 1 . Derelict Logs Recovered 2 | . . 2 Drone Launches . | . . . Drone Recoveries . | . . . Exploration | -11 -10 -10 ------------- Run | Yrd Mat Sub Turns Passed 4744 | 71 1629 3044 Spaces Moved 1700 | 39 733 928 Core 7 | 7 . . Treads 1429 | 32 580 817 Legs . | . . . Wheels 264 | . 153 111 Hover . | . . . Flight . | . . . Fastest Speed 50 | 50 115 150 Average Speed 248 | 140 190 299 Slowest Speed 480 | 160 320 480 Overloaded Moves . | . . . Propulsion Burnouts . | . . . Robots Hopped . | . . . Cave-ins Triggered . | . . . Exploration Rate (%) 57 | 3 93 76 Regions Visited 2 Branch Regions 1 Pre-discovered Areas 1 | . . 1 Known Exits Taken . | . . . Unknown Exits Taken 2 | 1 1 . Scrap Searched 5 | . . 5 Spaces Dug . | . . . Terrain Destroyed . | . . . Melee . | . . . Projectile . | . . . AOE . | . . . Terrain Rammed . | . . . Walls Destroyed . | . . . Machines Disabled . | . . . Actions | -11 -10 -10 --------- Run | Yrd Mat Sub Total 1996 | 50 856 1090 Wait 82 | . 12 70 Move 1698 | 38 732 928 Hop . | . . . Pick Up 52 | 5 30 17 Fast Attach 6 | 6 . . Attach 12 | . 4 8 Detach . | . . . Swap 14 | . 5 9 Drop 22 | . 12 10 Fire 108 | 1 59 48 Melee . | . . . Ram 1 | . 1 . Kick . | . . . Crush 1 | . 1 . Escape Stasis . | . . . Rewire . | . . . Trap . | . . . Miscellaneous . | . . . Route ------- -11/Scrapyard -10/Materials (discovered 6 exits: [*Mat x3] / [*Min x2] / [*Sub]) -10/Subcaves (discovered 1 exit: [*Mat]) History --------- Turn | Location | Event 14 | -11/Scrapyard | Discovered new exit (range 16) 72 | -11/Scrapyard | Entered Materials 286 | -10/Materials | Discovered new exit (range 15) 302 | -10/Materials | Build established: Mutant 334 | -10/Materials | Discovered new exit (range 11) 468 | -10/Materials | Central database locked down 611 | -10/Materials | Discovered new exit (range 13) 863 | -10/Materials | Discovered new exit (range 16) 1202 | -10/Materials | Discovered new exit (range 15) 1672 | -10/Materials | Discovered new exit (range 10) 1701 | -10/Materials | Entered Subcaves 2156 | -10/Subcaves | Learned Materials security intel 2856 | -10/Subcaves | Core integrity fell below 50% 3161 | -10/Subcaves | Core integrity fell below 20% 3935 | -10/Subcaves | Build established: Scavenger-Mutant 4474 | -10/Subcaves | Discovered new exit (range 7) 4541 | -10/Subcaves | Disturbed a concealed Subdweller 4745 | -10/Subcaves | Destroyed by RH-XR1(R) with Subdweller Shrapnel Launcher Last Messages --------------- 04529_ Found 30 Matter. 04532_ Subatomizers dissect the Flamer. 04532_ Searching scrap... 04532_ Found Sub. Optics. 04532_ Found 36 Matter. 04541_ 7E-GFZ(R) angrily emerges from the Twisted Machinery. 04547_ Subatomizers dissect the Flamer. 04556_ Lgt. Treads destroyed. 04558_ Subatomizers dissect the Flamer. 04561_ 7E-GFZ(R) destroyed. 04570_ Subatomizers dissect the Flamer. 04572_ Acquired Scrap Shield Fragment. 04717_ Acquired 14 matter. 04725_ Sub. Monowheel shoots sparks and powers down. 04728_ Dropped Broken Sub. Monowheel. 04743_ Subatomizers dissect the Broken Sub. Monowheel. 04745_ Lgt. Treads destroyed. Map ----- +----------------------------------------------------+ | ?????????????????????????????????????????????????? | | ?????????????????????????????????????????????????? | | ?????????????????????????????????????????????????? | | ?????????????????????????????????????????????????? | | ?????????????????????????????????????????????????? | | ?????????????????????????????????????????????????? | | ?????????????????????????????????????????????????? | | ?????????????????????????????????????????????????? | | ?????????????????????????????????????????????????? | | ?????????????????????????????????????????????????? | | ?????????????????????????????????????????????????? | | ?????????????????????????????????????????????????? | | ?????????????????????????????????????????????????? | | ?????????????????????????????????????????????????? | | ?????????????????????????????????????????????????? | | ????????????????????????????????????#????????????? | | ??????????????????????????????????? ?????????????? | | ????????????????????????????????## ??????????????? | | ???????????????????????????????R ???????????????? | | ???????????????????????????##?#R#????????????????? | | ???????????????????????????"## ?????????????????? | | ?????????????????????###### #??????????????????? | | ?????????????????????# # #???????????????????? | | ???????????????????####; #???????????????????? | | ???????????????????# ##; #????????????????????? | | ???????????????????## #; @ #????????????????????? | | ????????????????????##= ;#????????????????????? | | ???????????????????## ;;#????????????????????? | | ??????????????????## # ;#####????????????????????? | | ?????????????????## # ##?????????????????????????? | | ????????????????## # ##??????????????????????????? | | ????????????#####%#%##???????????????????????????? | | ????????????# # # #????????????????????????????? | | ????????????# ###????????????????????????????? | | ????????##### ####??????????????????????????????? | | ??????### #?????????????????????????????????? | | ??????# " # ##????????????????????????????????? | | ??????" " ##???????????????????????????????? | | ??????# ##??????????????????????????????? | | ??????# "& #??????????????????????????????? | | ??????# " #??????????????????????????????? | | ??????#### ##??????????????????????????????? | | ?????????# ###???????????????????????????????? | | ????????## #?????????????????????????????????? | | ????????# #?????????????????????????????????? | | ????????## #?????????????????????????????????? | | ?????????# ##?????????????????????????????????? | | ?????????# #????????????????????????????????### | | ?????????## #????????????????????????????????#"& | | ??????????## #????????????????????????????????#&# | +----------------------------------------------------+ Best States ------------- Heat Dissipation 25 Energy Generation 15 Energy Capacity 250 Matter Stores 300 Matter Capacity 300 Sight Range 16 Terrain Scan Range 16 Terrain Scan Density 10 Core Shielding 20 Evasion (%) 50 Recoil Reduction 2 Item Schematics ----------------- None Robot Schematics ------------------ None Fabricated ------------ Nothing Alien Tech Used ----------------- None Achievements -------------- None Challenges ------------ None Game ------ Seed PowerSlugModule Manual? 0 Play Time 00:16:37 Cumulative 44.8 hours Start 2024.04.24 @ 13:53:44 End 2024.04.24 @ 14:12:41 Sessions 1 Manual Loads 0 Difficulty Rogue Special Mode None Game No. 58 Rogue 58 Adventurer 0 Explorer 0 Win Type - Total 1 Types 1/0/0/0/0/0/0/0/0 Lore% 27 Gallery% 42 Achievement% 31 Wizard Run 0 Options --------- Layout 1 ASCII 0 Keyboard 0 Movement Mouse Keybinds 0 Fullscreen 1 Font 24/Smallcaps Map View 50x35 Zoom Use 0% Tactical HUD 1 Map Filters NONE Filters NONE Steam 1 RUN: c9044f08-c38c-4956-b982-44557ffa5ea0